Map: Ever Dream LE

Players

TSGSolar (Solar)

  • Race: Zerg Zerg
  • League: Master
  • Spawn Location: 1:00

INnoVation - Winner!

  • Race: Terran Terran
  • League: Grandmaster
  • Spawn Location: 7:00

Event: Shopify TSL 5

VOD

Have the link to the VOD?

Description

Time

  • Played on: May 23, 2020, 8:50 a.m.
  • Length: 12:06

All games in this series

Show
View Real Time Build Order
Export as new Build Order

TSGSolar Zerg 

Build Orders: Hatch First 

Get SALT Encoding   

  12  0:01  Drone  
  13  0:12  Overlord  
  13  0:17  Drone  
  14  0:31  Drone x2  
  16  0:48  Hatchery  
  15  0:51  Drone  
  15  0:54  Drone  
  17  1:00  Drone  
  18  1:08  Extractor  
  17  1:15  Spawning Pool  
  17  1:18  Drone  
  17  1:20  Drone  
  19  1:50  Overlord  
  19  2:02  Zergling x8  
  19  2:05  Queen  
  19  2:06  Queen  
  25  2:12  Zergling x2  
  24  2:15  Drone  
  24  2:18  Extractor  
  23  2:23  Drone x2  
  25  2:36  Drone x2  
  27  2:43  Overlord  
  27  2:45  Drone  
  28  2:53  Drone  
  28  2:56  Drone  
  30  3:05  Drone  
  31  3:07  Drone  
  32  3:13  Drone  
  32  3:14  Drone x2  
  32  3:15  Drone x3  
  32  3:19  Metabolic Boost  
  38  3:22  Drone  
  38  3:25  Drone  
  40  3:38  Hatchery  
  38  3:42  Overlord  
  38  3:44  Drone  
  39  3:50  Queen  
  39  3:52  Drone  
  39  3:53  Drone  
  43  4:01  Overlord  
  45  4:02  Drone x2  
  45  4:03  Drone x2  
  47  4:10  Queen  
  49  4:22  Zergling x4  
  49  4:23  Drone x2  
  49  4:24  Drone x4  
  57  4:26  Overlord  
  57  4:30  Drone  
  58  4:37  Drone  
  59  4:39  Overlord  
  59  4:46  Extractor  
  59  4:49  Drone  
  59  4:50  Drone x3  
  59  4:51  Queen  
  59  4:52  Queen  
  66  4:54  Zergling x4  
  66  4:58  Zergling x2  
  66  4:59  Spine Crawler  
  68  5:00  Zergling x4  
  68  5:07  Zergling x6  
  72  5:13  Zergling x6, Queen  
  70  5:20  Zergling x2  
  66  5:22  Zergling x2  
  66  5:25  Zergling x8  
  68  5:34  Zergling x6  
  63  5:44  Zergling x4  
  63  5:47  Queen x2  
  63  5:49  Zergling x2  
  64  5:56  Zergling x6  
  61  6:08  Drone x3  
  64  6:16  Spore Crawler, Drone  
  64  6:17  Queen  
  66  6:20  Overlord, Evolution Chamber  
  66  6:21  Overlord, Evolution Chamber  
  64  6:26  Drone  
  64  6:29  Drone  
  64  6:32  Overlord  
  65  6:41  Drone x3  
  65  6:45  Lair  
  65  6:46  Zerg Melee Weapons Level 1, Zerg Ground Armor Level 1  
  68  6:48  Drone  
  68  6:50  Drone  
  68  6:51  Drone x2, Baneling Nest  
  68  6:53  Drone  
  72  6:56  Drone  
  72  6:58  Overlord  
  72  6:59  Drone, Extractor  
  72  7:00  Drone  
  75  7:01  Drone  
  75  7:04  Drone x2  
  75  7:07  Drone  
  75  7:08  Drone  
  79  7:12  Drone  
  79  7:13  Extractor  
  79  7:14  Drone  
  79  7:15  Drone  
  81  7:24  Drone x2  
  81  7:25  Drone  
  81  7:28  Drone x3  
  81  7:29  Drone x2  
  89  7:31  Zergling x8  
  89  7:35  Zergling x2  
  94  7:38  Zergling x4  
  96  7:44  Extractor  
  96  7:46  Overseer  
  91  7:51  Zergling x2  
  91  7:52  Zergling x4  
  91  7:54  Hatchery  
  91  7:58  Hydralisk Den, Centrifical Hooks  
  91  7:59  Zergling x10  
  91  8:02  Drone x2  
  91  8:03  Drone  
  91  8:05  Overlord  
  96  8:12  Drone x2  
  97  8:14  Drone  
  97  8:15  Overlord  
  97  8:16  Baneling  
  97  8:17  Overlord, Baneling x6  
  98  8:20  Overlord  
  98  8:23  Overlord  
  98  8:31  Overlord  
  98  8:32  Overlord  
  98  8:34  Overlord  
  93  8:37  Zergling x2  
  92  8:42  Zergling x2  
  92  8:45  Zergling x2  
  92  8:48  Grooved Spines, Hydralisk x4  
  92  8:52  Baneling x2  
  92  8:53  Baneling x2  
  92  8:54  Hydralisk x5  
  110  8:57  Zergling x2  
  110  9:00  Hydralisk  
  113  9:07  Zergling x6  
  112  9:10  Zerg Ground Armor Level 2  
  112  9:11  Drone  
  112  9:15  Drone  
  112  9:17  Drone x2  
  115  9:18  Unknown, Zerg Melee Weapons Level 2  
  115  9:19  Baneling x2  
  115  9:22  Overlord  
  114  9:29  Zergling x6  
  113  9:32  Baneling x6  
  113  9:33  Zergling x12  
  113  9:37  Drone  
  113  9:38  Drone x3  
  123  9:39  Drone  
  123  9:41  Overlord, Hydralisk  
  123  9:43  Zergling x4  
  128  9:46  Zergling x2  
  128  9:50  Zergling x4  
  128  9:52  Baneling x5  
  131  9:54  Hydralisk  
  131  9:59  Muscular Augments, Hydralisk x2  
  132  10:01  Baneling  
  132  10:02  Baneling x3  
  132  10:04  Hydralisk  
  132  10:05  Zergling x4  
  135  10:08  Overlord  
  135  10:09  Hydralisk  
  135  10:10  Hydralisk  
  139  10:16  Overlord  
  139  10:18  Zergling x10  
  139  10:19  Zergling x2  
  139  10:20  Zergling x4  
  147  10:29  Baneling x4  
  147  10:30  Zergling x14, Baneling x2  
  147  10:32  Hydralisk  
  147  10:33  Zergling x2  
  157  10:38  Zergling x8  
  157  10:40  Baneling x6  
  157  10:41  Zergling x2  
  157  10:42  Zergling x2  
  162  10:48  Zergling x10  
  167  10:51  Baneling x8  
  167  10:52  Overseer, Baneling x2  
  167  10:58  Zergling x2  
  167  10:59  Zergling x6  
  167  11:01  Hydralisk  
  167  11:02  Zergling x6  
  174  11:07  Zergling x8  
  173  11:14  Zergling x2  
  173  11:15  Zergling x16  
  173  11:16  Baneling x4  
  182  11:21  Baneling x5  
  182  11:22  Baneling x10  
  182  11:23  Baneling  
  180  11:29  Zergling x8  
  180  11:32  Baneling  
  168  11:33  Baneling x9  
  168  11:36  Hydralisk  
  151  11:40  Zergling x8  
  151  11:44  Zergling x6  
Show
View Real Time Build Order
Export as new Build Order

INnoVation Terran - Winner!

Build Orders:  

Get SALT Encoding   

  12  0:00  SCV  
  13  0:12  SCV  
  14  0:17  Supply Depot  
  14  0:24  SCV  
  15  0:39  Barracks  
  15  0:49  Barracks  
  15  0:53  SCV  
  16  1:01  Refinery  
  16  1:05  SCV  
  17  1:18  SCV  
  18  1:25  Marine  
  18  1:30  Orbital Command  
  19  1:33  Supply Depot  
  19  1:36  Marine  
  20  1:43  Marine  
  21  1:54  Marine  
  21  1:56  SCV  
  21  1:59  Bunker  
  21  2:01  Marine  
  24  2:15  SCV  
  24  2:21  Factory  
  23  2:27  SCV  
  24  2:34  Command Center  
  24  2:39  SCV  
  25  2:44  Refinery  
  26  2:51  SCV  
  26  2:54  Supply Depot  
  26  3:03  SCV  
  26  3:04  Factory Reactor  
  27  3:10  Starport  
  27  3:15  SCV  
  28  3:27  SCV  
  28  3:28  Marine  
  28  3:29  Marine  
  31  3:39  SCV  
  32  3:42  Hellion x2  
  32  3:47  Medivac  
  38  3:49  Marine x2  
  38  3:53  Armory, SCV  
  41  4:05  Hellion x2  
  41  4:09  Supply Depot  
  45  4:13  Orbital Command  
  45  4:16  SCV  
  46  4:25  Liberator  
  46  4:29  Hellion  
  46  4:31  Hellion  
  53  4:34  SCV  
  54  4:38  Supply Depot  
  54  4:48  SCV x2  
  54  4:51  Hellion  
  54  4:52  Hellion  
  60  4:57  Barracks Tech Lab  
  60  4:58  Barracks Reactor  
  60  5:00  SCV x2  
  62  5:12  Hellion  
  62  5:13  SCV x2  
  62  5:14  Hellion  
  61  5:22  Stimpack  
  61  5:25  SCV x2, Marine  
  68  5:38  SCV x2  
  68  5:41  Starport Reactor  
  60  5:49  Command Center  
  56  5:50  SCV x2, Factory Reactor, Marine  
  54  6:02  SCV x2, Engineering Bay  
  54  6:03  Engineering Bay  
  50  6:04  Marine x2  
  50  6:06  Supply Depot, Barracks  
  52  6:14  SCV  
  52  6:15  SCV  
  52  6:18  Marine  
  55  6:22  Marine x2  
  57  6:26  SCV  
  57  6:27  SCV  
  57  6:29  Terran Infantry Weapons Level 1, Terran Infantry Armor Level 1  
  57  6:30  Refinery  
  57  6:32  Refinery, Widow Mine x2  
  61  6:38  Medivac x2  
  61  6:39  SCV x2  
  67  6:42  Marine x2  
  67  6:43  Marine  
  70  6:51  SCV x2  
  72  6:55  Marine x2  
  72  6:58  Barracks  
  72  7:00  Marine x3  
  77  7:01  Barracks  
  77  7:02  Combat Shield, Orbital Command  
  77  7:04  SCV  
  77  7:05  SCV  
  79  7:12  Marine x2  
  79  7:13  Medivac x2  
  85  7:17  Widow Mine x2  
  85  7:18  Marine x3  
  92  7:23  Supply Depot x2  
  92  7:24  SCV  
  92  7:26  Orbital Command  
  93  7:37  Supply Depot  
  93  7:40  Armory  
  93  7:44  SCV, Marine x3  
  93  7:45  Widow Mine x2, Marine x2  
  93  7:46  Barracks Reactor  
  102  7:52  Barracks Reactor  
  102  7:53  SCV x2  
  102  7:56  SCV  
  101  8:02  Marine x5  
  106  8:06  Supply Depot  
  106  8:07  SCV x2  
  106  8:08  SCV  
  106  8:10  Widow Mine  
  106  8:11  Widow Mine  
  110  8:20  Marine x5  
  110  8:21  Supply Depot x2  
  115  8:27  Terran Infantry Armor Level 2, Terran Infantry Weapons Level 2  
  115  8:37  SCV x3, Marine  
  122  8:43  Marine x7  
  122  8:48  Supply Depot  
  120  8:49  Factory  
  120  8:50  SCV, Supply Depot  
  120  8:51  SCV x2  
  120  8:53  Refinery x2  
  121  8:59  Marine x2  
  121  9:00  Marine  
  121  9:01  Marine x4  
  128  9:02  Factory Tech Lab  
  128  9:06  SCV x3  
  128  9:09  Terran Vehicle Weapons Level 1  
  131  9:12  Marine  
  132  9:19  Command Center  
  132  9:23  Siege Tank  
  135  9:25  Medivac  
  135  9:26  Medivac  
  135  9:30  Marine x2  
  133  9:37  Supply Depot, Factory Tech Lab  
  133  9:40  Marine x5  
  133  9:41  Marine  
  139  9:54  Barracks x2  
  139  9:55  Siege Tank  
  139  9:56  Barracks  
  136  10:04  Medivac x2  
  136  10:05  Siege Tank  
  144  10:07  Concussive Shells, Marauder  
  144  10:08  Marine x5  
  144  10:09  Marine x2  
  151  10:20  SCV x3  
  154  10:24  Marine  
  154  10:26  Marine x6  
  154  10:27  Siege Tank  
  164  10:31  Marauder  
  164  10:35  SCV x3  
  169  10:44  Command Center  
  169  10:45  Siege Tank  
  169  10:49  Planetary Fortress  
  172  10:59  Marine x3, Siege Tank  
  172  11:00  Barracks Tech Lab  
  172  11:01  Barracks Tech Lab  
  172  11:02  Barracks Tech Lab  
  177  11:09  Marine  
  177  11:10  Marauder, Marine x2  
  180  11:19  Marine  
  180  11:25  Marauder, Marine x2  
  179  11:26  Marauder  
  179  11:27  Medivac  
  179  11:28  Medivac, Marauder, Marine  
  179  11:29  Marine  
  179  11:31  Marauder  
  167  11:43  Marine  
  167  11:44  Marine  
Tags
 
Add a new tag
Caveats
  • Supply blocks, unpowered buildings, or Contaminate may cause inaccurate times.
  • Supply counts are checked every 10 seconds.